 Dungeon Crawl Stone Soup version 0.26.0-16-gc1dbca0489 (webtiles) character file.

Game seed: 2598354122114520000

228 Descartes the Conjurer (level 5, -2/28 HPs)
             Began as a Deep Elf Conjurer on Jan 19, 2021.
             Slain by a centaur
             ... wielding a cursed -3 shortbow
              (6 damage)
             ... on level 3 of the Dungeon.
             The game lasted 00:07:10 (3357 turns).

Descartes the Conjurer (Deep Elf Conjurer)          Turns: 3357, Time: 00:07:12

Health: -2/28      AC:  3    Str:  4    XL:     5   Next: 70%
Magic:  7/14       EV: 13    Int: 24    God:
Gold:   150        SH:  0    Dex: 13    Spells: 13/14 levels left

rFire    . . .     SeeInvis .   (no weapon)
rCold    + . .     Faith    .   (no shield)
rNeg     . . .     Spirit   .   h - +0 robe
rPois    .         Reflect  .   (no helmet)
rElec    +         Harm     .   l - +0 cloak
rCorr    .         Rampage  .   (no gloves)
Will     .....     Rnd*Tele +   (no boots)
Stlth    +++.......             (no amulet)
HPRegen  0.09/turn              u - ring of protection from cold (curse)
MPRegen  0.14/turn              (no ring)

@: no status effects
A: electricity resistance, teleportitis 1
a: no special abilities


You were on level 3 of the Dungeon.
You visited 1 branch of the dungeon, and saw 3 of its levels.
You also visited: Sewer.

You collected 150 gold pieces.

Inventory:

Hand Weapons
 g - a +0 club
Missiles
 e - 20 bolts
 j - 39 sling bullets
 k - 58 arrows
 t - 44 stones
Armour
 a - a +0 robe
 h - a +0 robe (worn)
 l - a +0 cloak (worn)
Jewellery
 u - a cursed ring of protection from cold (left hand)
Wands
 q - a wand of iceblast (7)
Scrolls
 b - a scroll of identify
 f - a scroll of enchant weapon {unknown}
 i - 2 scrolls of remove curse
 s - 2 scrolls of amnesia
Potions
 c - 5 potions of heal wounds
 d - a potion of brilliance
 m - a potion of flight


   Skills:
 - Level 2.4 Dodging
 + Level 4.9 Stealth
 - Level 5.0 Spellcasting
 + Level 5.9 Conjurations


You had 13 spell levels left.
You knew the following spells:

 Your Spells              Type           Power        Failure   Level
a - Magic Dart            Conj           100%         1%          1

Your spell library contained the following spells:

 Spells                   Type           Power        Failure   Level
 Searing Ray              Conj           68%          1%          2
 Dazzling Flash           Conj/Hex       40%          8%          3
 Fulminant Prism          Conj/Hex       10%          26%         4
 Iskenderun's Mystic Bla  Conj/Tloc      20%          26%         4


Dungeon Overview and Level Annotations

Branches:
Dungeon (3/15)              Sewer (visited)

Altars:
Cheibriados


Innate Abilities, Weirdness & Mutations

You are resistant to electric shocks. (rElec)
You are occasionally teleported next to monsters.


Message History

The centaur hits you with a cursed -3 shortbow.
Casting: Magic Dart (safe; 1% risk of failure)
Confirm with . or Enter, or press ? or * to list all spells.
Aiming: Magic Dart (safe; 1% risk of failure)
Press: ? - help, Shift-Dir - straight line, f/p - centaur
Aim: a centaur, wielding a -3 shortbow (severely wounded, 0% to evade)
The magic dart hits the centaur.
The centaur is almost dead.
The centaur closely misses you.
The centaur hits you with a cursed -3 shortbow!
* * * LOW HITPOINT WARNING * * *
Casting: Magic Dart (safe; 1% risk of failure)
Confirm with . or Enter, or press ? or * to list all spells.
Aiming: Magic Dart (safe; 1% risk of failure)
Press: ? - help, Shift-Dir - straight line, f/p - centaur
Aim: a centaur, wielding a -3 shortbow (almost dead, 0% to evade)
The magic dart hits the centaur but does no damage.
The centaur is almost dead.
The centaur hits you with a cursed -3 shortbow.
You die...

*,,,,,,,,* *,*****,#≈
*****,******,* *,* ***+##
**,,,.......*,##########+***,,,,#
#.........#.#.#......(....**,,,,#
............#.#.....(.....#*,,,,#
.............,,...........##,,,,#
.......##...#+##...........#*,,##
.......##..................##,,#≈
.......##.......@...........+,,##
.......##......(c..........#*,..#
...........................#*...$
..............####.........##....
##...............................
.................................
...#.#.......#.####...........###
.^...............................
.....#.#.###........#......###+##


You could see a centaur.

Vanquished Creatures
  A big kobold (Sewer)
  4 adders
  3 gnolls (D:2)
  4 river rats
  2 worms
  A dart slug (D:2)
  2 leopard geckos
  6 bats
  2 giant cockroaches
  6 goblins
  6 hobgoblins
  4 jackals
  2 kobolds
  A ball python (D:1)
  A frilled lizard (D:1)
  12 rats
57 creatures vanquished.

Notes
Turn   | Place    | Note
-------+----------+-------------------------------------------
     0 | D:1      | Descartes the Deep Elf Conjurer began the quest for the
                  | Orb.
     0 | D:1      | Reached XP level 1. HP: 10/10 MP: 6/6
   352 | D:1      | Reached XP level 2. HP: 15/15 MP: 4/8
  1077 | D:2      | Reached XP level 3. HP: 19/19 MP: 8/10
  1410 | D:2      | Found a snail-covered altar of Cheibriados.
  1556 | D:2      | Reached skill level 5 in Conjurations
  1557 | D:2      | Reached XP level 4. HP: 24/24 MP: 7/12
  2027 | D:3      | Noticed a centaur
  2338 | D:3      | Found a glowing drain.
  2349 | Sewer    | Entered a sewer
  2373 | Sewer    | Reached XP level 5. HP: 15/28 MP: 1/14
  2581 | Sewer    | Reached skill level 5 in Spellcasting
  2660 | Sewer    | Found a glowing silver altar of Zin.
  2701 | Sewer    | Gained mutation: You are occasionally teleported next to
                  | monsters. [potion of mutation]
  2701 | Sewer    | Gained mutation: You are resistant to electric shocks.
                  | (rElec) [potion of mutation]
  3357 | D:3      | Slain by a centaur

Illustrated notes

Levels and vault maps discovered:
D:1:      minmay_arrival_arboretum_large, layout_basic
D:2:      layout_loops_ring, kennysheep_slug_shrine
D:3:      layout_basic, gup_sewer_entry_bubbles, minmay_liquid_box

Skill      XL: |  1  2  3  4  5 |
---------------+----------------+-----
Stealth        | 3 4 |  4.9
Spellcasting   | 4 5 |  5.0
Conjurations   | 5 |  5.9
Dodging        | |  2.4

Action                   |  1- 3 |  4- 6 || total
-------------------------+-------+-------++-------
Melee: Unarmed           |       |    11 ||    11
 Cast: Magic Dart        |    63 |    73 ||   136
  Use: Potion            |       |     7 ||     7
       Scroll            |       |     6 ||     6
Armor: Robe              |       |     4 ||     4
Dodge: Dodged            |     7 |    35 ||    42
